Map: Cañón atribulado

Players

MrFercho

  • Race: Zerg Zerg
  • League: Gold
  • Spawn Location: 3:00

tigro

  • Race: Terran Terran
  • League: Bronze
  • Spawn Location: 12:00

TATORREA

  • Race: Protoss Protoss
  • League: Gold
  • Spawn Location: 12:00

Shotta - Winner!

  • Race: Protoss Protoss
  • Spawn Location: 6:00

Fabricio - Winner!

  • Race: Protoss Protoss
  • League: Silver
  • Spawn Location: 6:00

zeratul - Winner!

  • Race: Protoss Protoss
  • Spawn Location: 7:00

VOD

Have the link to the VOD?

Description

Time

  • Played on: July 20, 2020, 8:30 p.m.
  • Length: 40:44
Show
View Real Time Build Order
Export as new Build Order

MrFercho Zerg 

Build Orders: Hatch First 

Get SALT Encoding   

  12  0:01  Drone  
  13  0:13  Overlord  
  13  0:18  Drone  
  14  0:31  Drone x2  
  16  0:36  Drone  
  17  0:55  Hatchery  
  17  0:57  Drone  
  17  1:00  Drone  
  18  1:10  Extractor  
  17  1:16  Spawning Pool  
  16  1:18  Drone  
  16  1:22  Drone  
  18  1:29  Drone  
  19  1:45  Overlord  
  19  2:04  Queen  
  19  2:07  Zergling x4  
  23  2:13  Metabolic Boost  
  23  2:18  Drone x2  
  23  2:22  Queen  
  27  2:41  Drone  
  27  2:42  Drone x4  
  32  2:51  Lair  
  32  2:53  Drone x2  
  32  2:56  Drone  
  35  3:04  Overlord  
  35  3:17  Drone  
  36  3:21  Queen  
  36  3:23  Extractor  
  36  3:25  Extractor  
  37  3:42  Drone x7  
  37  3:44  Overlord x2  
  44  4:09  Drone x7  
  51  4:20  Hatchery  
  50  4:49  Baneling Nest  
  50  4:51  Spore Crawler x2  
  47  4:53  Drone x2  
  47  4:54  Drone  
  47  4:59  Overlord x3  
  50  5:00  Drone x6  
  56  5:13  Drone x2  
  58  5:15  Evolution Chamber  
  58  5:17  Extractor  
  56  5:27  Zergling x2  
  56  5:28  Zergling x8, Drone  
  62  5:41  Drone  
  62  5:42  Drone x4  
  67  5:43  Queen  
  69  5:51  Zerg Missile Weapons Level 1  
  69  5:58  Hydralisk Den, Centrifical Hooks  
  69  6:03  Nydus Network, Zergling x12  
  73  6:17  Drone  
  74  6:19  Spore Crawler  
  73  6:25  Spore Crawler  
  73  6:29  Baneling x7  
  73  6:30  Baneling x11  
  72  6:36  Drone x5  
  77  6:47  Extractor  
  77  6:48  Extractor, Hatchery  
  77  6:49  Hydralisk  
  77  6:50  Hydralisk  
  78  6:54  Extractor  
  78  6:56  Extractor  
  78  6:57  Extractor  
  75  7:12  Hydralisk x3  
  75  7:15  Overlord x2  
  81  7:16  Overlord x4  
  81  7:43  Drone  
  81  7:44  Drone x5  
  87  7:47  Muscular Augments  
  87  8:13  Drone x2  
  87  8:17  Drone x4  
  87  8:19  Hydralisk x3  
  99  8:23  Hydralisk x7  
  113  8:35  Zerg Missile Weapons Level 2, Spore Crawler  
  112  8:43  Evolution Chamber  
  112  8:45  Infestation Pit  
  110  8:50  Hydralisk, Spire  
  110  8:51  Hydralisk x3  
  117  8:58  Grooved Spines  
  117  9:08  Hydralisk x6  
  129  9:11  Overlord x5  
  129  9:12  Zergling x2  
  129  9:13  Zergling x20  
  140  9:42  Hydralisk x11  
  162  9:54  Zerg Ground Armor Level 1  
  162  10:04  Pneumatized Carapace  
  162  10:36  Nydus Canal  
  162  10:46  Overseer  
  162  10:47  Overseer x2  
  162  10:48  Hydralisk x7  
  176  10:50  Overlord  
  176  10:51  Overlord x6  
  176  10:52  Overlord x2  
  176  10:57  Hive  
  176  11:01  Zerg Melee Weapons Level 1  
  176  11:12  Drone  
  176  11:13  Drone x12  
  176  11:15  Drone x11  
  200  11:33  Lurker Den  
  199  12:02  Nydus Canal  
  199  12:23  Nydus Canal  
  199  12:33  Spore Crawler  
  199  12:34  Spore Crawler  
  193  12:38  Spore Crawler x3  
  193  12:39  Spore Crawler  
  193  12:40  Spore Crawler x3  
  181  12:52  Drone  
  181  12:53  Drone x22  
  188  13:21  Hatchery  
  188  13:23  Hydralisk x6  
  188  13:26  Hatchery  
  102  14:12  Hydralisk  
  102  14:13  Hydralisk x8  
  116  14:28  Hatchery  
  115  14:32  Hydralisk x2  
  115  14:36  Seismic Spines  
  119  14:38  Greater Spire  
  119  14:41  Zerg Missile Weapons Level 3  
  119  14:43  Zerg Ground Armor Level 2  
  113  15:07  Hydralisk  
  113  15:08  Hydralisk x14  
  137  15:26  Hydralisk x6  
  128  15:34  Adaptive Talons  
  121  15:55  Hydralisk  
  121  15:56  Hydralisk x13  
  149  16:13  Corruptor x9  
  149  16:15  Hydralisk  
  169  16:57  Lurker x2  
  169  16:58  Lurker x4  
  169  16:59  Lurker x2  
  173  17:32  Hydralisk x2  
  173  17:33  Hydralisk x11  
  125  18:06  Corruptor  
  125  18:07  Corruptor x4  
  132  18:27  Spore Crawler  
  129  18:29  Spore Crawler  
  129  18:30  Spore Crawler  
  129  18:32  Spore Crawler  
  129  18:34  Spore Crawler  
  125  18:57  Hydralisk  
  125  18:58  Hydralisk x8  
  143  19:06  Hatchery  
  143  19:09  Hatchery  
  141  19:10  Extractor  
  63  19:56  Hydralisk x6  
  63  19:57  Hydralisk x3  
  80  20:02  Extractor  
  75  21:02  Hydralisk x5  
  75  21:03  Hydralisk x3  
  67  21:14  Hatchery  
  66  21:19  Hatchery  
  65  21:43  Hydralisk x3  
  71  22:27  Hydralisk x3  
  75  22:42  Hydralisk x2  
  71  23:01  Hydralisk x3  
  66  23:34  Lurker x2  
  67  23:42  Hydralisk x2  
  66  23:54  Hydralisk  
  66  23:55  Hydralisk x4  
  67  24:40  Hydralisk x7  
  67  24:41  Hydralisk  
  74  25:22  Hydralisk x5  
  81  25:47  Hydralisk x2  
  85  26:03  Hydralisk x2  
  75  26:23  Hydralisk  
  51  27:28  Hydralisk  
  51  27:29  Hydralisk x4  
  57  27:36  Zergling x8  
  61  27:51  Zergling x32  
  66  27:52  Zergling x4  
  79  28:00  Zergling x12  
  79  28:01  Zergling x2  
  52  29:05  Baneling x9  
  52  29:06  Baneling x4  
  52  29:09  Zergling x8  
  60  29:10  Zergling x8  
  50  29:59  Hydralisk x3  
  51  31:02  Hydralisk x9  
  69  31:22  Hydralisk  
  69  31:23  Hydralisk x2  
  69  31:25  Queen  
  77  31:29  Burrow  
  77  31:31  Hydralisk x3  
  83  31:38  Hydralisk  
  83  31:39  Hydralisk x2  
  89  31:42  Lurker  
  90  31:59  Hydralisk x3  
  79  32:55  Hydralisk  
  44  33:27  Hydralisk  
  46  34:12  Lurker  
  47  34:27  Hydralisk x2  
  28  36:19  Hydralisk x3  
  34  36:48  Hydralisk  
  36  37:11  Hydralisk x2  
  40  37:53  Hydralisk x2  
Show
View Real Time Build Order
Export as new Build Order

tigro Terran 

Build Orders:  

Get SALT Encoding   

  12  0:04  SCV  
  13  0:17  Supply Depot  
  13  0:18  SCV  
  14  0:31  SCV  
  15  0:37  Refinery  
  15  0:43  SCV  
  16  0:55  Barracks, SCV  
  17  1:07  SCV  
  18  1:17  Refinery  
  18  1:19  SCV  
  18  1:24  Supply Depot  
  19  1:31  SCV  
  20  1:43  SCV  
  21  1:47  Barracks Tech Lab  
  21  1:57  Factory  
  21  2:01  SCV  
  22  2:13  SCV  
  22  2:14  Engineering Bay  
  23  2:19  Marine  
  25  2:34  Orbital Command  
  24  3:04  Barracks Tech Lab  
  24  3:08  Starport  
  24  3:09  Siege Tank  
  27  3:38  Command Center  
  27  3:40  Combat Shield  
  27  3:41  Siege Tank  
  27  3:45  Starport  
  30  4:18  Marine  
  30  4:20  Medivac  
  33  4:31  Terran Infantry Weapons Level 1  
  33  4:35  Marine  
  34  4:48  Barracks  
  34  4:52  Refinery  
  34  4:53  Marine  
  35  5:09  Starport Tech Lab  
  35  5:10  Starport Tech Lab  
  35  5:11  Marine  
  36  5:22  SCV  
  37  5:29  Marine  
  37  5:34  SCV  
  39  5:39  Armory  
  39  5:46  SCV  
  40  5:52  Barracks Reactor  
  40  5:58  SCV  
  41  6:08  Refinery  
  41  6:10  SCV  
  42  6:22  SCV  
  42  6:25  Viking, Terran Infantry Armor Level 1  
  43  6:29  Fusion Core  
  45  6:34  SCV  
  45  6:36  Stimpack  
  46  6:46  SCV  
  47  7:04  Missile Turret  
  47  7:38  Missile Turret  
  47  7:57  SCV  
  48  8:01  Missile Turret  
  48  8:02  Weapon Refit  
  48  8:09  SCV  
  49  8:19  Hi-Sec Auto Tracking  
  49  8:21  SCV  
  49  8:27  Missile Turret  
  50  8:33  SCV  
  51  8:37  Thor  
  57  8:42  Command Center  
  57  8:45  SCV  
  58  8:50  Missile Turret  
  58  8:53  Supply Depot  
  58  9:02  Marine x3  
  61  9:12  Missile Turret  
  61  9:15  Battlecruiser  
  61  9:16  Neosteel Armor  
  67  9:17  Supply Depot  
  67  9:19  Marine  
  67  9:20  Marine x2  
  70  9:34  Missile Turret  
  70  9:38  Marine x2  
  70  9:40  Supply Depot  
  70  9:42  Rapid Reignition System  
  78  9:52  Battlecruiser  
  78  9:56  Missile Turret  
  78  10:18  Missile Turret  
  78  10:21  SCV  
  78  10:22  Refinery  
  78  10:26  Refinery  
  79  10:34  SCV  
  80  10:46  Battlecruiser, SCV  
  87  10:50  Missile Turret  
  87  10:56  Terran Infantry Weapons Level 2  
  87  10:57  Battlecruiser  
  93  10:58  SCV  
  94  11:10  SCV  
  95  11:12  SCV  
  96  11:19  Missile Turret  
  96  11:22  SCV  
  96  11:24  SCV  
  98  11:34  SCV  
  98  11:36  SCV  
  100  11:46  SCV  
  100  11:47  Thor  
  101  11:48  SCV  
  101  11:49  Missile Turret  
  108  11:58  SCV  
  109  12:08  Supply Depot  
  109  12:14  Missile Turret  
  109  12:16  Command Center  
  109  12:29  Marine x3, SCV  
  113  12:30  Supply Depot  
  113  12:37  Missile Turret  
  113  12:43  Battlecruiser  
  115  12:47  Marine x3  
  74  13:05  Marine x3  
  77  13:07  Thor  
  77  13:11  Terran Infantry Armor Level 2  
  89  13:22  Marine x3  
  92  13:37  Medivac  
  92  13:40  Marine  
  89  13:47  Battlecruiser  
  95  13:50  Thor  
  101  14:07  Battlecruiser  
  89  14:28  Marine  
  89  14:29  Marine x2  
  86  14:33  Thor  
  92  14:46  Marine x3  
  92  14:51  Battlecruiser  
  93  15:04  Marine x3  
  96  15:12  Battlecruiser  
  102  15:16  Thor  
  108  15:22  Marine x3  
  111  15:40  Marine  
  112  15:55  Battlecruiser  
  118  15:59  Thor  
  124  16:16  Marine x3, Battlecruiser  
  133  16:30  Missile Turret  
  133  16:33  Marine  
  133  16:34  Marine x2  
  136  16:50  Thor  
  136  16:51  Marine x3  
  136  16:52  Missile Turret  
  145  17:00  Battlecruiser  
  151  17:09  Marine x3  
  151  17:12  Missile Turret  
  135  17:20  Battlecruiser  
  113  17:27  Marine x3  
  102  17:33  Thor  
  102  17:34  Missile Turret  
  94  17:45  Marine x3  
  97  17:56  Missile Turret  
  97  18:02  Marine  
  97  18:03  Marine x2  
  97  18:04  Battlecruiser  
  106  18:17  Missile Turret  
  106  18:20  Marine x2  
  106  18:21  Marine  
  109  18:29  Battlecruiser  
  115  18:37  Missile Turret  
  115  18:38  Marine x3  
  118  18:56  Marine x3  
  121  19:08  Battlecruiser  
  120  19:10  Missile Turret  
  120  19:14  Marine x3  
  85  19:30  Missile Turret  
  76  19:32  Marine  
  76  19:35  Marine x2  
  76  19:37  Battlecruiser  
  79  19:50  Marine, Missile Turret  
  80  19:53  Marine x2  
  82  20:07  Marine  
  82  20:11  Marine x2  
  85  20:22  Refinery  
  85  20:25  Marine  
  83  20:28  Marine  
  83  20:29  Marine  
  83  20:30  Medivac, Refinery  
  87  20:43  Marine  
  88  20:55  Marine x2  
  90  20:58  Thor  
  90  21:01  Marine  
  97  21:13  Marine x2  
  99  21:19  Marine  
  100  21:30  Marine  
  100  21:31  Marine  
  102  21:35  Battlecruiser  
  102  21:36  Marine  
  109  21:41  Thor  
  115  21:48  Marine x2  
  117  21:54  Marine  
  118  22:06  Marine x2  
  120  22:12  Marine  
  121  22:18  Battlecruiser  
  127  22:24  Marine x2  
  127  22:30  Marine  
  105  22:42  Marine x2  
  97  22:48  Marine  
  79  22:58  Battlecruiser  
  79  22:59  Marine  
  79  23:00  Marine  
  87  23:06  Marine  
  82  23:17  Marine x2  
  81  23:23  Marine  
  80  23:35  Marine x2  
  73  23:41  Marine  
  74  23:51  Battlecruiser  
  74  23:54  Marine  
  74  23:55  Marine  
  82  23:59  Marine  
  83  24:03  Battlecruiser  
  79  24:12  Marine x2  
  73  24:17  Marine  
  65  24:30  Marine x2  
  67  24:35  Marine  
  60  24:48  Marine x2, Missile Turret  
  62  24:52  Marine  
  63  25:06  Marine x2  
  65  25:08  Missile Turret  
  65  25:10  Marine  
  62  25:27  Missile Turret  
  62  25:28  Marine  
  63  25:47  Missile Turret  
  56  26:15  Missile Turret  
  56  26:16  Marine x3  
  53  26:21  Battlecruiser  
  65  26:29  Medivac  
  61  26:34  Marine x3  
  61  26:37  Missile Turret  
  64  26:51  Marine  
  64  26:52  Marine x2  
  61  26:59  Missile Turret  
  61  27:00  Battlecruiser  
  61  27:09  Marine x2  
  61  27:10  Marine  
  64  27:21  Missile Turret  
  64  27:25  Battlecruiser  
  64  27:27  Marine x3  
  65  27:45  Marine x3  
  65  27:46  Missile Turret  
  68  28:03  Marine x3  
  77  28:06  Missile Turret  
  69  28:20  Marine  
  69  28:21  Marine x2  
  69  28:26  Missile Turret  
  69  28:29  Battlecruiser  
  69  28:32  Medivac  
  71  28:38  Marine  
  71  28:39  Marine x2  
  74  28:56  Marine x3  
  77  29:02  Battlecruiser  
  77  29:05  Missile Turret  
  72  29:14  Marine x3  
  58  29:25  Missile Turret  
  58  29:32  Marine x3  
  58  29:33  Battlecruiser  
  67  29:50  Marine x3  
  67  29:52  Missile Turret  
  61  30:07  Marine, Battlecruiser  
  61  30:08  Marine x2  
  61  30:25  Marine x3  
  64  30:38  Battlecruiser  
  70  30:43  Marine x3  
  73  30:53  Orbital Command  
  73  31:01  Marine x3  
  82  31:19  Marine x3  
  82  31:22  Medivac  
  81  31:31  Missile Turret  
  81  31:36  Marine  
  81  31:37  Marine x2  
  84  31:42  Battlecruiser  
  89  31:51  Missile Turret  
  89  31:52  Battlecruiser  
  83  31:54  Marine x2  
  83  31:55  Marine  
  66  32:12  Marine x3, Missile Turret  
  69  32:31  Missile Turret  
  68  32:56  Battlecruiser  
  51  34:03  Orbital Command  
  43  34:23  Marine  
  44  34:50  Marine  
  37  35:19  Marine  
  37  35:20  Marine x2  
  32  35:37  Marine  
  32  35:38  Marine x2  
  33  35:55  Marine x3  
  36  36:13  Marine x3  
  39  36:31  Marine x2  
Show
View Real Time Build Order
Export as new Build Order

TATORREA Protoss 

Build Orders: 1 Gate Expand 

Get SALT Encoding   

  12  0:01  Probe  
  13  0:13  Probe  
  14  0:20  Pylon  
  14  0:25  Probe  
  15  0:38  Probe  
  16  0:43  Gateway  
  16  0:50  Probe  
  17  1:01  Probe  
  18  1:06  Assimilator  
  18  1:09  Probe  
  18  1:11  Pylon  
  18  1:17  Probe  
  20  1:28  Probe  
  20  1:42  Nexus  
  20  1:48  Probe  
  20  1:49  Pylon  
  21  2:00  Probe  
  22  2:06  Zealot  
  22  2:08  Cybernetics Core  
  24  2:13  Probe  
  25  2:21  Probe  
  25  2:24  Assimilator  
  25  2:29  Probe  
  27  2:39  Probe  
  28  2:44  Warp Gate  
  28  2:45  Stalker  
  31  2:51  Probe  
  31  2:55  Gateway, Probe  
  32  3:03  Probe  
  33  3:08  Probe  
  34  3:15  Sentry  
  36  3:23  Probe x2  
  36  3:25  Gateway  
  36  3:26  Gateway  
  38  3:35  Pylon, Probe  
  38  3:37  Probe  
  38  3:38  Pylon  
  40  3:42  Assimilator  
  40  3:48  Probe  
  41  3:49  Probe  
  42  4:00  Probe  
  42  4:01  Stargate  
  43  4:05  Assimilator  
  43  4:10  Nexus  
  43  4:14  Pylon  
  43  4:16  Probe  
  44  4:17  Probe  
  44  4:18  Pylon  
  45  4:30  Probe x2  
  47  4:42  Probe  
  48  4:46  Protoss Air Weapons Level 1  
  48  4:49  Fleet Beacon  
  48  4:53  Pylon  
  48  4:57  Pylon  
  48  5:00  Probe  
  48  5:01  Probe  
  48  5:02  Cybernetics Core  
  50  5:24  Probe x2  
  50  5:25  Probe  
  53  5:36  Probe x2  
  53  5:37  Probe  
  56  5:43  Protoss Air Armor Level 1  
  56  5:48  Probe x2  
  58  5:51  Probe  
  58  5:52  Anion Pulse-Crystals  
  59  6:00  Phoenix  
  61  6:14  Assimilator  
  61  6:18  Assimilator  
  61  6:20  Probe  
  61  6:21  Probe x2  
  61  6:22  Nexus  
  61  6:24  Pylon  
  61  6:25  Phoenix  
  66  6:26  Pylon  
  66  6:28  Probe  
  66  6:29  Probe x2  
  66  6:30  Pylon  
  67  6:36  Assimilator  
  67  6:37  Probe x2  
  67  6:38  Probe  
  69  6:40  Assimilator  
  72  6:49  Probe x2  
  72  6:50  Phoenix, Probe  
  77  7:01  Probe x2  
  77  7:02  Probe  
  80  7:09  Protoss Air Weapons Level 2  
  80  7:13  Probe  
  80  7:14  Probe x2  
  83  7:18  Phoenix  
  85  7:24  Stalker  
  85  7:25  Stalker x3, Probe  
  85  7:26  Probe  
  85  7:27  Probe  
  96  7:37  Probe  
  96  7:38  Probe x2  
  96  7:39  Probe  
  96  7:42  Forge  
  100  7:44  Forge  
  100  7:46  Forge  
  100  7:47  Twilight Council  
  100  7:49  Probe  
  100  7:50  Probe x2  
  103  7:51  Probe  
  103  7:53  Phoenix  
  106  8:09  Stargate  
  106  8:10  Stalker, Stargate  
  106  8:11  Stalker x3, Stargate  
  114  8:19  Protoss Air Armor Level 2  
  114  8:20  Robotics Facility  
  114  8:27  Phoenix  
  116  8:51  Gateway  
  116  8:52  Phoenix  
  116  8:53  Gateway  
  116  8:55  Gateway  
  118  8:59  Gateway  
  118  9:02  Gateway  
  118  9:04  Protoss Ground Armor Level 1, Protoss Ground Weapons Level 1, Protoss Shields Level 1  
  118  9:05  Gateway  
  118  9:09  Gateway, Blink  
  118  9:14  Gateway  
  118  9:16  Gateway  
  118  9:21  Templar Archives  
  118  9:28  Tempest, Phoenix x2  
  118  9:29  Phoenix  
  129  9:46  Protoss Air Weapons Level 3  
  129  9:47  Nexus  
  129  9:48  Pylon  
  129  9:50  Pylon  
  129  9:51  Pylon  
  129  9:54  Phoenix  
  129  9:55  Tempest, Assimilator  
  129  9:56  Assimilator  
  136  10:01  Zealot x4  
  136  10:02  Zealot x4  
  136  10:03  Zealot x2  
  156  10:11  Pylon  
  156  10:14  Pylon  
  156  10:18  Pylon  
  156  10:28  Photon Cannon  
  156  10:32  Photon Cannon  
  156  10:36  Photon Cannon  
  156  10:38  Photon Cannon  
  156  10:42  Protoss Air Armor Level 3, Photon Cannon  
  156  10:45  Photon Cannon  
  156  10:47  Photon Cannon  
  156  10:51  Charge  
  156  10:52  Photon Cannon  
  156  10:55  Photon Cannon, Phoenix x2, Tempest  
  156  10:56  Tempest  
  170  10:57  Photon Cannon  
  170  10:58  Protoss Ground Weapons Level 2  
  170  11:00  Photon Cannon, Protoss Ground Armor Level 2, Zealot x3  
  170  11:01  Zealot x3  
  170  11:02  Zealot  
  184  11:13  Protoss Shields Level 2, Photon Cannon  
  184  11:14  Photon Cannon  
  184  11:16  Photon Cannon  
  184  11:20  Tempest, Phoenix  
  191  11:42  Phoenix  
  191  11:43  Tempest  
  191  11:45  Phoenix  
  164  13:24  Stalker x2  
  164  13:25  Stalker x4  
  164  13:26  Stalker x2  
  180  13:27  Stalker x4  
  180  13:31  Tempest x2, Phoenix  
  152  14:20  Tempest  
  152  14:21  Tempest  
  144  14:27  Phoenix x2  
  118  14:35  Stalker  
  118  14:36  Stalker x3  
  118  14:37  Stalker x4  
  118  14:38  Stalker x3  
  130  14:41  Zealot x2  
  134  14:45  Tempest, Phoenix  
  141  15:03  Tempest, Phoenix  
  143  15:10  Phoenix  
  141  15:19  Nexus  
  133  15:28  Tempest, Phoenix  
  133  15:35  Tempest, Pylon  
  145  15:45  Gateway x3  
  145  15:46  Phoenix  
  145  15:48  Gateway  
  145  15:49  Gateway  
  147  15:52  Gateway  
  147  15:53  Gateway, Tempest  
  152  16:01  Stalker x2  
  152  16:02  Protoss Ground Weapons Level 3, Stalker x4, Protoss Ground Armor Level 3  
  152  16:03  Protoss Shields Level 3, Stalker x3  
  152  16:04  Stalker x3  
  176  16:11  Phoenix x2  
  176  16:12  Nexus  
  176  16:14  Pylon  
  176  16:17  Pylon  
  176  16:18  Tempest  
  185  16:27  Psionic Storm  
  185  16:31  High Templar x3  
  185  16:32  High Templar x2  
  195  16:36  Phoenix x2, Archon  
  195  16:37  Archon  
  169  17:21  High Templar  
  169  17:22  High Templar x4  
  161  17:23  High Templar x3  
  161  17:27  Archon x3  
  161  17:28  Archon  
  96  17:48  Stalker x4  
  96  17:49  Stalker x4  
  96  17:50  Stalker x3  
  118  18:04  Stalker x4  
  118  18:05  Stalker x2  
  130  18:14  Tempest  
  135  18:21  Assimilator  
  135  18:23  Assimilator  
  135  18:51  Dark Shrine  
  135  18:58  Gateway  
  135  19:01  Gateway  
  135  19:04  Gateway, Stalker x2  
  135  19:05  Stalker x6  
  135  19:06  Stalker x4  
  135  19:07  Stalker x4  
  135  19:08  Stalker x3  
  120  19:47  Stalker x4  
  120  19:48  Stalker x5  
  120  19:49  Stalker x4  
  120  19:50  Stalker x4  
  120  19:51  Stalker x2  
  148  20:23  Stalker x2  
  148  20:24  Stalker x3  
  148  20:25  Stalker x3  
  148  20:26  Stalker x5  
  148  20:27  Stalker x5  
  148  20:28  Stalker x2  
  186  20:29  Stalker x2  
  166  20:56  Stalker x2  
  168  20:57  Stalker x5  
  168  20:58  Stalker x2  
  168  20:59  Stalker x4  
  168  21:00  Stalker x3  
  168  21:01  Stalker  
  109  21:18  Stalker  
  109  21:19  Stalker x3  
  109  21:20  Stalker x2  
  121  21:32  Stalker x2  
  123  21:33  Stalker  
  123  21:34  Stalker  
  123  21:38  Stalker  
  131  21:57  Stalker x2  
  131  21:58  Stalker  
  131  21:59  Stalker x2  
  135  22:35  Stalker x5  
  135  22:36  Stalker x5  
  135  22:37  Stalker x2  
  80  23:27  Stalker x6  
  76  23:28  Stalker x2  
  76  23:29  Stalker x2  
  76  23:30  Stalker  
  64  23:54  Stalker  
  64  23:55  Stalker x3  
  68  23:56  Stalker  
  61  24:30  Pylon  
  61  24:31  Pylon  
  53  24:36  Pylon x2  
  53  24:37  Pylon  
  53  24:38  Pylon  
  53  24:41  Pylon  
  53  24:47  Stalker  
  53  24:48  Stalker x2  
  53  24:49  Stalker x2  
  49  25:14  Stalker  
  49  25:15  Stalker x5  
  49  25:16  Stalker  
  49  25:17  Stalker x3  
  49  25:21  Stalker  
  64  25:49  Stalker x3  
  68  25:50  Stalker  
  62  27:07  Stalker x2  
  62  27:08  Stalker x4  
  58  27:09  Stalker x4  
  58  27:10  Stalker x2  
  50  27:42  Zealot x3  
  50  27:43  Zealot x3  
  60  27:44  Zealot  
  61  28:00  Zealot x2  
  61  28:02  Zealot  
  65  28:35  Zealot  
  65  28:36  Zealot x4  
  75  28:56  Cybernetics Core  
  51  29:14  Zealot x2  
  51  29:15  Zealot  
  50  29:48  Nexus  
  50  30:25  Zealot x3  
Show
View Real Time Build Order
Export as new Build Order

Shotta Protoss - Winner!

Build Orders: Carriers 

Get SALT Encoding   

  1  0:00  Probe  
  13  0:19  Pylon  
  13  0:22  Probe  
  14  0:36  Probe  
  14  0:40  Assimilator  
  15  0:49  Probe  
  16  1:02  Probe  
  17  1:16  Nexus  
  17  1:21  Probe  
  18  1:29  Probe  
  18  1:30  Gateway  
  18  1:37  Probe  
  19  1:40  Assimilator  
  20  1:48  Probe  
  20  1:52  Pylon  
  21  2:00  Probe  
  22  2:12  Probe  
  23  2:24  Cybernetics Core  
  23  2:27  Probe  
  24  2:36  Probe  
  24  2:39  Probe  
  26  2:45  Probe  
  26  2:51  Probe  
  28  2:57  Pylon, Probe  
  29  3:03  Assimilator, Probe  
  30  3:09  Probe, Stargate  
  30  3:12  Stargate  
  31  3:13  Probe  
  31  3:19  Stargate  
  32  3:21  Probe x2  
  34  3:29  Probe  
  34  3:30  Probe  
  36  3:37  Probe  
  37  3:41  Forge  
  37  3:45  Probe  
  37  3:53  Void Ray, Probe  
  42  4:02  Void Ray  
  47  4:04  Probe  
  48  4:14  Void Ray  
  52  4:20  Assimilator  
  52  4:54  Pylon  
  52  4:59  Pylon  
  52  5:02  Nexus  
  52  5:11  Void Ray x2  
  60  5:15  Pylon  
  60  5:17  Void Ray  
  64  5:30  Pylon  
  64  5:41  Stargate  
  64  5:43  Stargate  
  64  5:51  Photon Cannon  
  64  5:58  Photon Cannon  
  64  6:01  Void Ray x2  
  72  6:22  Pylon  
  72  6:27  Probe  
  73  6:33  Void Ray x2  
  73  6:39  Probe  
  82  6:45  Photon Cannon  
  82  6:49  Probe  
  82  6:51  Void Ray  
  87  6:57  Probe  
  87  7:03  Assimilator  
  87  7:06  Probe  
  89  7:16  Photon Cannon  
  89  7:18  Probe  
  89  7:21  Photon Cannon  
  90  7:26  Void Ray  
  94  7:30  Probe  
  95  7:38  Protoss Air Weapons Level 1  
  95  7:46  Stargate  
  95  7:49  Probe, Stargate  
  95  7:52  Assimilator  
  95  7:58  Probe  
  96  8:01  Protoss Shields Level 1  
  97  8:06  Void Ray  
  97  8:07  Probe  
  97  8:11  Void Ray  
  106  8:19  Probe  
  107  8:28  Photon Cannon  
  107  8:31  Probe  
  107  8:33  Shield Battery  
  108  8:35  Shield Battery  
  108  8:38  Shield Battery  
  108  8:41  Shield Battery  
  108  8:44  Probe  
  108  8:47  Photon Cannon  
  109  9:06  Fleet Beacon  
  109  9:11  Pylon  
  109  9:15  Pylon  
  109  9:19  Pylon  
  109  9:29  Void Ray x2  
  117  9:33  Void Ray x2, Photon Cannon  
  117  9:36  Photon Cannon  
  117  9:37  Probe  
  126  9:54  Twilight Council  
  126  9:58  Carrier  
  132  10:00  Cybernetics Core  
  131  11:39  Pylon  
  131  11:43  Pylon  
  131  11:45  Protoss Shields Level 2  
  131  11:48  Protoss Air Armor Level 1  
  131  11:51  Protoss Air Weapons Level 2  
  130  11:57  Tempest x2  
  140  12:01  Carrier  
  146  12:24  Nexus  
  146  13:35  Tempest  
  146  13:36  Carrier x2  
  130  14:18  Void Ray  
  130  14:22  Carrier  
  130  14:23  Tempest  
  125  14:29  Tempest  
  125  14:30  Carrier  
  116  14:39  Tempest  
  121  15:05  Void Ray  
  109  15:12  Void Ray  
  109  15:14  Void Ray, Tempest  
  117  15:26  Void Ray  
  121  15:46  Tempest  
  121  15:48  Tempest  
  131  15:53  Carrier  
  131  15:55  Void Ray  
  131  15:56  Void Ray  
  145  16:15  Protoss Air Armor Level 2  
  145  16:19  Protoss Air Weapons Level 3  
  145  16:28  Nexus  
  145  16:33  Protoss Shields Level 3  
  145  16:39  Void Ray  
  149  16:43  Pylon  
  149  16:46  Pylon  
  149  16:48  Pylon  
  149  16:53  Pylon  
  149  16:55  Pylon  
  149  16:57  Pylon  
  149  17:00  Tempest  
  154  17:02  Pylon  
  154  17:03  Tempest x2  
  154  17:04  Pylon  
  164  17:10  Pylon  
  164  17:22  Void Ray  
  168  17:47  Carrier  
  170  18:37  Photon Cannon  
  170  18:58  Photon Cannon  
  170  18:59  Photon Cannon  
  170  19:06  Photon Cannon  
  170  19:08  Photon Cannon  
  170  19:18  Assimilator  
  170  19:20  Assimilator  
  170  19:26  Photon Cannon  
  170  19:40  Pylon  
  170  19:48  Photon Cannon  
  166  20:37  Void Ray x3  
  178  20:45  Fleet Beacon  
  167  21:20  Void Ray x2  
  175  21:39  Nexus  
  175  21:43  Pylon  
  175  22:04  Shield Battery  
  175  22:06  Shield Battery  
  175  22:08  Shield Battery  
  175  22:14  Shield Battery  
  126  23:02  Tempest  
  126  23:03  Void Ray  
  126  23:04  Carrier  
  125  23:08  Void Ray  
  125  23:09  Tempest  
  118  23:19  Assimilator  
  102  23:22  Void Ray  
  102  23:23  Tempest  
  100  23:34  Assimilator  
  100  24:21  Void Ray  
  100  24:22  Tempest  
  109  24:38  Protoss Air Armor Level 3  
  109  24:53  Nexus  
  105  25:43  Void Ray, Tempest  
  114  25:56  Nexus  
  109  26:39  Void Ray  
  84  27:09  Probe  
  85  27:21  Probe  
  81  27:33  Probe  
  82  27:45  Probe  
  83  27:57  Probe  
  79  29:31  Void Ray  
  79  29:32  Void Ray  
  76  30:12  Nexus  
  70  30:14  Void Ray  
  73  31:11  Pylon  
  73  31:15  Pylon  
  73  31:17  Pylon  
  73  31:22  Assimilator  
  73  31:27  Assimilator  
  73  31:33  Probe  
  74  31:45  Probe  
  75  31:58  Probe  
  76  32:30  Photon Cannon  
  76  32:32  Photon Cannon  
  76  32:36  Photon Cannon  
  76  32:41  Photon Cannon  
  76  32:43  Probe  
  64  32:45  Photon Cannon  
  64  32:51  Probe  
  50  32:59  Probe  
  42  33:11  Probe  
  43  33:24  Probe  
  44  33:33  Void Ray, Tempest  
  49  34:58  Probe  
  46  35:10  Probe  
  47  35:22  Probe  
  47  35:34  Probe  
  48  35:41  Shield Battery  
  48  35:46  Probe  
  45  35:52  Probe  
  46  36:00  Probe  
  46  36:10  Probe  
  48  36:22  Probe  
  49  36:32  Probe  
  50  36:40  Probe  
  50  36:44  Probe  
  52  36:48  Probe  
  52  36:52  Probe  
  54  36:57  Probe  
  54  37:00  Probe  
  56  37:02  Probe  
  56  37:05  Probe  
  57  37:09  Probe  
  57  37:12  Probe  
  57  37:15  Probe  
  58  37:17  Probe  
  58  37:21  Probe  
  59  37:27  Void Ray, Tempest, Probe  
  59  37:28  Carrier  
  59  37:29  Probe  
  75  37:31  Void Ray  
  75  37:32  Tempest  
  85  37:39  Probe  
  85  37:41  Probe  
  86  37:46  Nexus  
  86  37:51  Probe  
  85  39:00  Nexus  
  85  39:46  Assimilator  
  85  40:00  Tempest  
  109  40:26  Pylon  
  109  40:28  Probe  
  110  40:38  Pylon  
  110  40:40  Pylon  
  111  40:43  Pylon  
Show
View Real Time Build Order
Export as new Build Order

Fabricio Protoss - Winner!

Build Orders: Nexus First 

Get SALT Encoding   

  12  0:10  Probe  
  13  0:22  Probe  
  14  0:35  Probe  
  15  1:04  Pylon  
  15  1:05  Nexus  
  15  1:22  Probe  
  16  1:33  Assimilator  
  16  1:35  Probe  
  18  1:47  Probe  
  18  1:59  Probe  
  19  2:11  Probe  
  20  2:24  Assimilator  
  20  2:29  Assimilator  
  20  2:32  Probe  
  21  2:41  Forge  
  21  2:44  Probe  
  22  2:56  Probe  
  23  3:08  Probe  
  23  3:10  Pylon  
  23  3:12  Pylon  
  24  3:18  Probe  
  25  3:27  Probe  
  25  3:30  Probe  
  27  3:40  Probe  
  28  3:42  Probe  
  28  3:43  Gateway  
  29  3:49  Assimilator  
  29  3:52  Probe  
  29  3:54  Probe  
  31  4:04  Probe  
  31  4:06  Probe  
  33  4:16  Probe  
  34  4:18  Probe  
  35  4:28  Probe  
  36  4:37  Cybernetics Core  
  36  4:40  Probe  
  37  4:52  Probe  
  38  4:53  Photon Cannon  
  38  4:55  Photon Cannon  
  38  4:58  Photon Cannon  
  38  5:00  Photon Cannon  
  38  5:04  Probe  
  39  5:11  Probe  
  40  5:16  Probe  
  41  5:23  Probe  
  41  5:28  Probe, Stargate  
  42  5:33  Stargate  
  44  5:35  Probe  
  44  5:36  Stargate x2  
  44  5:40  Stargate  
  44  5:41  Probe  
  45  5:53  Probe  
  46  6:00  Pylon  
  46  6:01  Pylon  
  46  6:03  Pylon  
  46  6:05  Pylon  
  46  6:07  Pylon  
  46  6:15  Void Ray  
  46  6:17  Void Ray  
  54  6:20  Void Ray  
  54  6:21  Void Ray  
  54  6:24  Void Ray  
  66  7:13  Void Ray x2  
  66  7:14  Void Ray x3  
  86  7:32  Pylon  
  86  7:35  Pylon  
  86  7:38  Pylon  
  86  7:41  Pylon  
  86  7:42  Pylon  
  86  7:55  Nexus  
  86  7:56  Void Ray  
  90  8:03  Void Ray x3  
  102  8:06  Void Ray  
  106  8:29  Probe  
  107  8:40  Assimilator  
  107  8:41  Probe  
  108  8:44  Void Ray  
  108  8:46  Void Ray  
  108  8:47  Void Ray  
  120  8:53  Probe  
  121  9:01  Pylon  
  121  9:02  Pylon  
  121  9:05  Pylon, Probe  
  121  9:07  Pylon  
  121  9:09  Pylon  
  122  9:13  Void Ray  
  126  9:19  Probe  
  127  9:31  Probe  
  128  9:46  Void Ray x3  
  140  10:01  Assimilator  
  140  10:05  Void Ray  
  140  10:06  Void Ray  
  148  10:44  Void Ray x3  
  160  10:57  Pylon  
  160  10:59  Pylon  
  160  11:00  Pylon  
  160  11:02  Void Ray x2  
  168  11:27  Void Ray x2  
  176  11:33  Void Ray  
  180  11:45  Void Ray  
  184  11:58  Void Ray  
  188  12:09  Void Ray  
  192  12:29  Probe  
  193  12:41  Probe  
  186  12:53  Probe  
  186  12:56  Void Ray x2  
  186  12:57  Void Ray  
  199  13:07  Probe  
  177  14:00  Void Ray x5  
  180  16:11  Nexus  
  180  16:16  Probe  
  181  16:19  Assimilator  
  181  16:28  Probe  
  181  16:30  Void Ray x4  
  198  17:10  Probe  
  175  17:22  Void Ray x4  
  159  17:23  Void Ray, Probe  
  148  17:35  Probe  
  149  18:04  Assimilator  
  149  18:05  Void Ray x3  
  161  18:25  Void Ray x2  
  169  18:48  Void Ray x3  
  181  19:08  Void Ray x2  
  189  19:30  Void Ray  
  133  20:01  Void Ray  
  133  20:02  Void Ray  
  129  21:19  Void Ray x3  
  48  22:49  Void Ray  
  48  22:50  Void Ray x2  
  32  25:48  Nexus  
  32  26:05  Assimilator  
Show
View Real Time Build Order
Export as new Build Order

zeratul Protoss - Winner!

Build Orders: Carriers 

Get SALT Encoding   

  1  0:00  Probe  
  13  0:07  Probe  
  14  0:26  Pylon  
  14  0:29  Probe  
  15  0:44  Probe  
  16  0:50  Forge  
  16  0:55  Gateway  
  16  0:56  Probe  
  17  1:03  Pylon  
  17  1:06  Probe  
  18  1:14  Probe  
  19  1:23  Probe  
  19  1:28  Photon Cannon  
  20  1:35  Probe  
  21  1:44  Assimilator  
  21  1:49  Assimilator  
  21  1:50  Zealot  
  23  1:57  Probe  
  24  2:09  Probe  
  24  2:14  Photon Cannon  
  25  2:19  Pylon  
  25  2:20  Probe  
  26  2:28  Probe  
  26  2:36  Probe  
  28  2:53  Nexus  
  28  2:57  Probe  
  29  3:05  Pylon  
  29  3:09  Probe  
  30  3:21  Probe  
  31  3:33  Probe  
  32  3:41  Nexus  
  32  3:45  Probe  
  33  3:51  Cybernetics Core  
  33  3:53  Probe  
  33  4:01  Probe  
  35  4:12  Probe x2  
  37  4:20  Probe  
  37  4:24  Probe  
  37  4:29  Probe  
  39  4:36  Robotics Facility, Probe  
  41  4:41  Probe  
  41  4:45  Assimilator  
  42  4:47  Probe  
  43  4:53  Probe  
  43  4:55  Probe  
  43  4:57  Assimilator  
  45  5:04  Probe  
  45  5:05  Probe  
  46  5:13  Probe  
  48  5:15  Probe  
  48  5:17  Probe  
  50  5:24  Observer  
  50  5:25  Probe  
  50  5:27  Probe  
  53  5:30  Probe  
  53  5:31  Stargate  
  53  5:35  Stargate  
  54  5:37  Probe  
  55  5:43  Assimilator  
  55  5:49  Probe  
  56  6:01  Probe  
  56  6:02  Photon Cannon  
  57  6:13  Probe  
  57  6:17  Void Ray, Nexus  
  62  6:19  Void Ray  
  66  6:25  Probe  
  66  6:28  Assimilator  
  67  6:36  Protoss Air Weapons Level 1  
  67  6:37  Assimilator  
  67  6:41  Assimilator  
  67  6:52  Pylon  
  67  6:55  Pylon  
  67  6:57  Pylon  
  67  6:59  Pylon  
  67  7:00  Void Ray, Pylon  
  71  7:02  Void Ray, Probe  
  71  7:03  Pylon  
  76  7:10  Probe  
  77  7:18  Probe  
  78  7:28  Probe  
  78  7:33  Stargate  
  79  7:40  Probe  
  79  7:42  Probe  
  79  7:43  Stargate  
  81  7:44  Stargate  
  81  7:46  Stargate  
  81  7:49  Stargate  
  81  7:54  Probe  
  81  7:58  Probe  
  83  8:06  Probe  
  83  8:09  Void Ray x2  
  83  8:10  Probe  
  93  8:18  Probe  
  93  8:19  Void Ray  
  98  8:22  Probe  
  99  8:28  Pylon  
  99  8:30  Pylon, Probe  
  99  8:33  Pylon  
  100  8:34  Probe  
  100  8:35  Pylon  
  100  8:37  Void Ray x2  
  109  8:42  Void Ray  
  109  8:43  Probe  
  109  8:44  Protoss Air Armor Level 1  
  109  8:46  Probe  
  109  8:47  Void Ray  
  119  8:51  Void Ray  
  123  9:01  Void Ray  
  127  9:03  Probe  
  128  9:12  Void Ray  
  128  9:15  Probe  
  128  9:16  Fleet Beacon  
  133  9:20  Void Ray, Cybernetics Core  
  137  9:27  Forge, Probe  
  137  9:28  Photon Cannon  
  138  9:34  Void Ray x2  
  138  9:35  Void Ray  
  150  9:38  Void Ray  
  150  9:39  Probe  
  150  9:44  Observer  
  156  10:03  Pylon  
  156  10:06  Pylon  
  156  10:10  Pylon  
  156  10:12  Pylon  
  156  10:15  Pylon  
  156  10:16  Pylon  
  156  10:22  Void Ray x3  
  168  10:28  Void Ray  
  168  10:29  Void Ray x2  
  180  10:37  Anion Pulse-Crystals  
  180  10:38  Protoss Air Armor Level 2  
  180  10:40  Protoss Air Weapons Level 2, Protoss Shields Level 1  
  180  11:07  Protoss Ground Weapons Level 1  
  180  11:20  Void Ray x2  
  180  11:21  Void Ray  
  192  11:51  Unknown  
  190  12:48  Protoss Ground Armor Level 1  
  162  13:30  Void Ray x5  
  162  13:31  Void Ray x2  
  182  14:12  Void Ray  
  182  14:13  Void Ray x3  
  194  14:55  Void Ray  
  186  15:15  Void Ray  
  186  15:16  Void Ray x3  
  179  15:46  Photon Cannon  
  179  15:47  Photon Cannon  
  179  15:48  Photon Cannon  
  179  15:52  Void Ray x3, Photon Cannon  
  179  15:53  Photon Cannon  
  191  15:58  Void Ray  
  191  16:03  Pylon  
  195  16:04  Pylon  
  195  16:07  Pylon  
  195  16:10  Pylon  
  195  16:20  Void Ray  
  199  16:28  Shield Battery  
  199  16:29  Shield Battery  
  199  16:31  Shield Battery  
  199  16:33  Protoss Air Weapons Level 3  
  199  16:34  Shield Battery  
  199  16:35  Protoss Air Armor Level 3  
  199  16:36  Shield Battery  
  199  16:48  Tempest  
  199  16:49  Void Ray  
  152  17:31  Carrier  
  152  17:32  Carrier x5  
  152  17:33  Carrier  
  182  18:09  Observer  
  168  18:30  Observer  
  169  18:36  Carrier x5  
  123  20:03  Carrier x3  
  123  20:05  Carrier  
  123  20:06  Carrier x2  
  123  20:08  Carrier  
  102  21:02  Carrier  
  108  21:55  Nexus  
  77  26:30  Assimilator  
  77  26:35  Assimilator  
  26  29:06  Probe  
  27  29:26  Photon Cannon  
  27  29:27  Photon Cannon  
  27  29:30  Photon Cannon x2  
  26  29:32  Photon Cannon  
  26  29:37  Pylon  
  26  29:38  Pylon  
  26  29:41  Pylon  
  26  30:02  Photon Cannon x2  
  26  30:05  Photon Cannon  
  26  30:07  Pylon  
  26  32:09  Probe  
  27  32:25  Observer  
Tags
 
Add a new tag
Caveats
  • Supply blocks, unpowered buildings, or Contaminate may cause inaccurate times.
  • Supply counts are checked every 10 seconds.